 Dungeon Crawl Stone Soup version 0.25-a0-972-g74ed164fb1 (webtiles) character file.

Game seed: 3537476101424917641, levelgen mode: deterministic

3615 Morrissey the Carver (level 9, -1/82 HPs)
             Began as a Minotaur Fighter on May 9, 2020.
             Was a Follower of Wu Jian.
             Slain by a two-headed ogre
             ... wielding a +0 giant club
              (10 damage)
             ... on level 9 of the Dungeon.
             The game lasted 00:13:33 (8347 turns).

Morrissey the Carver (Minotaur Fighter)             Turns: 8347, Time: 00:13:33

Health: -1/82      AC:  8    Str: 24    XL:     9   Next: 86%
Magic:  8/8        EV:  8    Int:  5    God:    Wu Jian [*.....]
Gold:   483        SH: 11    Dex: 10    Spells: 8/8 levels left

rFire    + . .     SeeInvis .   a - +0 long sword
rCold    + . .     Gourm    .   c - +0 kite shield
rNeg     . . .     Faith    .   b - +0 scale mail
rPois    .         Spirit   .   (helmet restricted)
rElec    .         Reflect  .   y - scarf {rC+ rF+}
rCorr    .         Harm     .   (no gloves)
MR       .....                  (no boots)
Stlth    ..........             (no amulet)
HPRegen  0.23/turn              w - +3 ring of slaying
MPRegen  0.11/turn              B - ring of flight

@: no status effects
A: retaliatory headbutt, horns 2
a: Renounce Religion, Evoke Flight


You were on level 9 of the Dungeon.
You worshipped Wu Jian.
Wu Jian was aware of your devotion.
You were hungry.

You visited 2 branches of the dungeon, and saw 10 of its levels.

You collected 483 gold pieces.

Inventory:

Hand Weapons
 a - a +0 long sword (weapon)
Armour
 b - a +0 scale mail (worn)
 c - a +0 kite shield (worn)
 g - a +0 cloak
 y - a scarf of resistance (worn)
Jewellery
 s - an uncursed amulet of faith
 w - a +3 ring of slaying (left hand)
 B - a ring of flight (right hand)
 C - an uncursed amulet of guardian spirit
 E - the ring "Fuepequi" {*Slow Str+4 Dex+3}
   (You found it on level 7 of the Dungeon)

   [ring of dexterity]

   It affects your strength (+4).
   It affects your dexterity (+3).
   It may slow you when you take damage.
Wands
 r - a wand of flame (39)
 v - a wand of clouds (4)
Scrolls
 e - a scroll of fog
 h - 6 scrolls of enchant armour {unknown}
 j - 3 scrolls of amnesia {unknown}
 k - 6 scrolls of teleportation {unknown}
 p - a scroll of identify
 t - 8 scrolls of remove curse
 z - a scroll of immolation {unknown}
 A - 3 scrolls of magic mapping {unknown}
 F - a scroll of fear {unknown}
Potions
 d - a potion of might
 i - a potion of berserk rage
 l - a potion of invisibility
 m - a potion of curing
 n - a potion of stabbing
 o - 2 potions of flight
 q - 2 potions of heal wounds
 u - a potion of ambrosia
 x - a potion of haste
 D - a potion of brilliance {unknown}
 G - a potion of cancellation {unknown}
Comestibles
 f - 12 rations


   Skills:
 + Level 8.3 Fighting
 * Level 10.9 Long Blades
 + Level 8.5 Armour
 + Level 8.4 Shields


You had 8 spell levels left.
You didn't know any spells.
Your spell library contained the following spells:

 Spells                   Type           Power        Failure   Level  Hunger
 Animate Skeleton         Necr           N/A          95%         1    ##.....
 Apportation              Tloc           #.....       95%         1    ##.....
 Corona                   Hex            #......      95%         1    ##.....
 Magic Dart               Conj           #...         95%         1    ##.....
 Summon Small Mammal      Summ           #...         95%         1    ##.....
 Blink                    Tloc           N/A          99%         2    ###....
 Call Imp                 Summ           #.......     99%         2    ###....
 Slow                     Hex            #.......     99%         2    ###....
 Conjure Flame            Conj/Fire      #.......     100%        3    ####...
 Mephitic Cloud           Conj/Pois/Air  #.......     100%        3    ####...


Dungeon Overview and Level Annotations

Branches:
Dungeon (9/15)             Temple (1/1) D:7
   Lair: D:8-11         Orc: D:9-12

Altars:
Ashenzari
Cheibriados
Fedhas
Kikubaaqudgha
Nemelex Xobeh
Qazlal
Ru
Sif Muna
Trog
Vehumet
Wu Jian
Xom
Yredelemnul
The Shining One


Innate Abilities, Weirdness & Mutations

You reflexively headbutt those who attack you in melee.
You have a pair of horns on your head.


Message History

You hit the two-headed ogre. You headbutt the two-headed ogre!
The two-headed ogre is moderately wounded.
You closely miss the two-headed ogre. You headbutt the two-headed ogre.
The two-headed ogre is moderately wounded.
The two-headed ogre hits you with a +0 giant club.
You block the two-headed ogre's attack.
You are too injured to fight recklessly!
You are too injured to fight recklessly!
You are too injured to fight recklessly!
You slash the two-headed ogre!
The two-headed ogre is severely wounded.
The two-headed ogre hits you with a +0 giant club!
The two-headed ogre hits you with a +0 giant club!!
* * * LOW HITPOINT WARNING * * *
You closely miss the two-headed ogre.
The two-headed ogre is severely wounded.
The two-headed ogre hits you with a +0 giant club!
* * * LOW HITPOINT WARNING * * *
The two-headed ogre hits you with a +0 giant club!
You die...

############
#..........#
#..........# ##+#######
#..........# #.........
#..........# #.........
#......<...# #.........
#..........# #.........
#..........####)........
#..........##.'.@†......
+..........##.#.O.......
#..........)..#.........
#.######...####.........
..(....#...# #.?.......
#.####.#.### ##########
.....#.#.# #.##.#.#.#
...#.#.#.#


You could see a two-headed ogre.

Vanquished Creatures
  Grinder (D:4)
  Eustachio (D:4)
  A human (D:8)
  4 ice beasts
  2 sky beasts
  4 phantoms
  An orc warrior (D:5)
  An ogre (D:5)
  7 centaurs
  A big kobold (D:9)
  5 bullfrogs
  A scorpion (D:8)
  3 wights (D:8)
  A howler monkey (D:8)
  2 crimson imps (D:7)
  A jelly (D:5)
  A hound (D:8)
  A quasit (D:8)
  2 orc priests
  A bullfrog skeleton (D:5)
  3 orc wizards
  2 centaur skeletons
  3 iguanas
  7 worker ants
  15 adders
  An ooze (D:3)
  2 adder zombies
  2 adder skeletons
  4 worms
  2 dart slugs (D:2)
  2 leopard geckos (D:4)
  24 orcs
  9 bats
  15 giant cockroaches
  11 goblins
  6 hobgoblins
  3 quokkas
  2 ball pythons
  11 frilled lizards
  9 kobolds
  A leopard gecko skeleton (D:8)
  A quokka skeleton (D:5)
  A quokka zombie (D:5)
  7 rats
184 creatures vanquished.

Notes
Turn   | Place    | Note
-------+----------+-------------------------------------------
     0 | D:1      | Morrissey the Minotaur Fighter began the quest for the Orb.
     0 | D:1      | Reached XP level 1. HP: 19/19 MP: 0/0
   216 | D:1      | Reached XP level 2. HP: 27/27 MP: 1/1
   270 | D:1      | Reached skill level 3 in Long Blades
  1174 | D:2      | Reached XP level 3. HP: 14/33 MP: 2/2
  1457 | D:2      | Noticed an ice beast
  2156 | D:3      | Reached XP level 4. HP: 40/40 MP: 3/3
  2485 | D:3      | Reached skill level 4 in Long Blades
  2876 | D:3      | Found a shimmering altar of Xom.
  2879 | D:3      | Found a shimmering altar of Xom.
  2879 | D:3      | Found a shimmering altar of Xom.
  2880 | D:3      | Found a shimmering altar of Xom.
  2880 | D:3      | Found a shimmering altar of Xom.
  3009 | D:3      | Found a shimmering altar of Xom.
  3010 | D:3      | Found a shimmering altar of Xom.
  3492 | D:2      | Killed an ice beast
  3492 | D:2      | Reached XP level 5. HP: 47/47 MP: 4/4
  3711 | D:2      | Reached skill level 5 in Long Blades
  4172 | D:4      | Reached XP level 6. HP: 50/53 MP: 5/5
  4297 | D:4      | Noticed an ice beast
  4305 | D:4      | Killed an ice beast
  4305 | D:4      | Reached skill level 5 in Fighting
  4305 | D:4      | Reached skill level 5 in Armour
  4305 | D:4      | Reached skill level 5 in Shields
  4360 | D:4      | Noticed Eustachio
  4378 | D:4      | Killed Eustachio
  4378 | D:4      | Reached skill level 6 in Long Blades
  4378 | D:4      | Reached XP level 7. HP: 34/61 MP: 6/6
  4614 | D:4      | Noticed Grinder
  4622 | D:4      | Killed Grinder
  4749 | D:4      | Reached skill level 7 in Long Blades
  4952 | D:5      | Entered Level 5 of the Dungeon
  5002 | D:5      | Reached XP level 8. HP: 64/70 MP: 7/7
  5155 | D:5      | Reached skill level 8 in Long Blades
  5559 | D:5      | Reached skill level 9 in Long Blades
  5884 | D:6      | Reached XP level 9. HP: 74/79 MP: 8/8
  5982 | D:6      | Found a stormy altar of Qazlal.
  6237 | D:6      | Found a basalt altar of Yredelemnul.
  6777 | D:7      | Found an ancient bone altar of Kikubaaqudgha.
  6897 | D:7      | Got a sparkling glass ring
  6900 | D:7      | Identified the ring "Fuepequi" {*Slow Str+4 Dex+3} (You
                  | found it on level 7 of the Dungeon)
  7208 | D:7      | Reached skill level 10 in Long Blades
  7314 | D:7      | Found a staircase to the Ecumenical Temple.
  7323 | Temple   | Entered the Ecumenical Temple
  7326 | Temple   | Became a worshipper of the Wu Jian Council
  7916 | D:8      | Found a shattered altar of Ashenzari.
  7917 | D:8      | Found a bloodstained altar of Trog.
  7918 | D:8      | Found a shimmering blue altar of Sif Muna.
  7918 | D:8      | Found a snail-covered altar of Cheibriados.
  7932 | D:8      | Found a sparkling altar of Nemelex Xobeh.
  7949 | D:8      | Found a blossoming altar of Fedhas.
  7959 | D:8      | Found a radiant altar of Vehumet.
  8297 | D:9      | Found a sacrificial altar of Ru.
  8336 | D:9      | Noticed a two-headed ogre
  8340 | D:9      | Reached * piety under Wu Jian
  8347 | D:9      | Slain by a two-headed ogre

Illustrated notes

Levels and vault maps discovered:
D:1:      dpeg_arrival_concentric_ovals, layout_loops_corners
D:2:      minmay_roachtagon, layout_basic, first_ration
D:3:      layout_basic, xom_redecorated, chequers_serial_rivers_marsh,
          minmay_goblin_outpost
D:4:      layout_basic, cheibrodos_sewer_entry_sluice, uniq_eustachio,
          uniq_grinder
D:5:      layout_rooms
D:6:      layout_basic, kennysheep_little_box, nicolae_qazlal_eye_of_the_storm
D:7:      layout_basic, lemuel_crystal_altar, temple_hall
D:8:      layout_basic, grunt_temple_overflow_octagram, grunt_pizzeria
D:9:      layout_roguey, nicolae_ru_sacrificial_ziggurat
Temple:   nicolae_temple_hex_pool

Skill      XL: |  1  2  3  4  5  6  7  8  9 |
---------------+----------------------------+-----
Long Blades    | 3 4 5 6 7 9 10 | 10.9
Shields        | 4 5 6 7 8 |  8.4
Fighting       | 4 5 6 7 8 |  8.3
Armour         | 4 5 6 7 8 |  8.5

Action                   |  1- 3 |  4- 6 |  7- 9 || total
-------------------------+-------+-------+-------++-------
Melee: Long sword        |   117 |   148 |   279 ||   544
       Headbutt          |    19 |    24 |    54 ||    97
Throw: Stone             |       |     7 |       ||     7
Invok: Lunge             |       |       |     9 ||     9
  Use: Scroll            |       |     8 |     4 ||    12
  Eat: Chunk             |     2 |     6 |    12 ||    20
       Ration            |       |     1 |       ||     1
Armor: Scale mail        |    64 |    53 |    65 ||   182
Dodge: Dodged            |    36 |    48 |    62 ||   146
Block: Kite shield       |    62 |    86 |   117 ||   265
       Rpst.: Long sword |    10 |     9 |    13 ||    32

Table legend:
 A = Non-vault XP
 B = Vault XP
 C = Vault XP percentage of total XP
 D = Non-vault monster count
 E = Vault monster count
 F = Vault count percentage of total count
                 A         B        C        D         E       F
            +---------+---------+-------+---------+---------+-------
      Total |    4455 |     710 |  13.7 |     161 |      23 |  12.5
            +---------+---------+-------+---------+---------+-------
        D:1 |      31 |       0 |   0.0 |      22 |       0 |   0.0
        D:2 |     223 |      22 |   9.0 |      24 |      11 |  31.4
        D:3 |      63 |      12 |  16.0 |      19 |       7 |  26.9
        D:4 |     494 |     484 |  49.5 |      17 |       4 |  19.0
        D:5 |    1307 |       0 |   0.0 |      28 |       0 |   0.0
        D:6 |     759 |       0 |   0.0 |      10 |       0 |   0.0
        D:7 |     466 |       0 |   0.0 |      14 |       0 |   0.0
        D:8 |     824 |     192 |  18.9 |      19 |       1 |   5.0
        D:9 |     288 |       0 |   0.0 |       8 |       0 |   0.0
            +---------+---------+-------+---------+---------+-------
